 Dungeon Sprint DCSS version 0.22.1-1-ga44c0e56f4 (webtiles) character file.

49 MuseOD the Skirmisher (level 3, -2/36 HPs)
             Began as a Hill Orc Fighter on Oct 3, 2018.
             Drowned by a water elemental (7 damage)
             ... in the Dungeon (Sprint III: "The Ten Rune Challenge").
             The game lasted 00:01:09 (470 turns).

MuseOD the Skirmisher (Hill Orc Fighter)             Turns: 470, Time: 00:01:09

Health: -2/36      AC:  7    Str: 19    XL:     3   Next: 75%
Magic:  3/3        EV:  7    Int:  8    God:
Gold:   15         SH:  9    Dex: 10    Spells: 2/2 levels left

rFire    . . .     SeeInvis .   a - +0 war axe
rCold    . . .     Gourm    .   c - +0 shield
rNeg     . . .     Faith    .   b - +0 scale mail
rPois    .         Spirit   .   (no helmet)
rElec    .         Reflect  .   (no cloak)
rCorr    .         Harm     .   (no gloves)
MR       .....     NoTele   +   (no boots)
Stlth    ..........             (no amulet)
HPRegen  0.12/turn              (no ring)
MPRegen  0.08/turn              (no ring)

@: engulfed (cannot breathe)
A: no striking features
a: no special abilities


You were in the Dungeon.
You were not hungry.

You visited 1 branch You collected 15 gold pieces.

Inventory:

Hand Weapons
 a - a +0 war axe (weapon)
Armour
 b - a +0 scale mail (worn)
 c - a +0 shield (worn)
Scrolls
 k - a scroll of blinking
 l - 2 scrolls of remove curse {unknown}
 n - 3 scrolls of holy word {unknown}
 o - 5 scrolls of identify
Potions
 d - a potion of might
 e - a potion of curing
 g - a potion of heal wounds
 h - a potion of haste
 i - 2 potions of magic
 j - a potion of berserk rage
 m - 4 potions of mutation {unknown}
 p - 3 potions of flight
Comestibles
 f - 3 rations


   Skills:
 + Level 5.5 Fighting
 + Level 5.2 Axes
 + Level 5.0 Armour
 + Level 5.0 Shields


You had 2 spell levels left.
You didn't know any spells.
Your spell library was empty.

Dungeon Overview and Level Annotations

Branches:
Dungeon (1/1)

Altars:


Message History

You start resting.
You start resting.
HP restored.
You start waiting.
There is an open door here.
You open the door.
A water elemental comes into view.
The water elemental moves out of view.
The water elemental hits you!
There is an open door to the Ecumenical Temple, spattered with blood here.
You block the water elemental's attack. You block the water elemental's attack.
There is an open door to the Ecumenical Temple, spattered with blood here.
You closely miss the water elemental. The water elemental barely misses you.
The water elemental hits you!
* * * LOW HITPOINT WARNING * * *
The water elemental engulfs you in water!
You hit the water elemental.
The water elemental is lightly damaged.
You die...

▓<..#...#### ##.#
▓...#......#####..#
▓..##....)..#..#..#
▓##.##.##...#..#..###+#+###
##.##.###..##'#..#........
▓#.####.##..###...'.⌠......
▓.###..##..####...#...#####
▓#.....##..###....#.⌠.#
###..##...##.@E..#...#
##†.##....#......#+###
#..###..##.#.....# #(.# #..
####....# ▓▓▓▓ ▓▓▓ ▓▓▓▓▓▓


You could see a water elemental.

Vanquished Creatures
  Jessica (D)
  A human (D)
  A phantom (D)
  2 rats (D)
5 creatures vanquished.

Vanquished Creatures (others)
  2 draconian scorchers (D)
  6 hellions (D)
  A yaktaur (D)
  3 plants (D)
12 creatures vanquished.

Grand Total: 17 creatures vanquished

Notes
Turn   | Place    | Note
-------+----------+-------------------------------------------
     0 | D        | MuseOD the Hill Orc Fighter began the quest for the Orb.
     0 | D        | Reached XP level 1. HP: 19/19 MP: 1/1
    24 | D        | Noticed Jessica
    37 | D        | Killed Jessica
    37 | D        | Reached skill level 5 in Fighting
    37 | D        | Reached XP level 2. HP: 21/29 MP: 2/2
    37 | D        | Reached XP level 3. HP: 26/36 MP: 3/3
    84 | D        | Killed a hellion
   173 | D        | Killed a hellion
   176 | D        | Killed a white draconian scorcher
   192 | D        | Killed a white draconian scorcher
   194 | D        | Killed a hellion
   195 | D        | Reached skill level 5 in Axes
   195 | D        | Reached skill level 5 in Armour
   200 | D        | Reached skill level 5 in Shields
   205 | D        | Killed a hellion
   206 | D        | Killed a hellion
   208 | D        | Killed a hellion
   342 | D        | Killed a yaktaur
   461 | D        | Noticed a water elemental
   470 | D        | Drowned by a water elemental

Skill      XL: |  1  2  3 |
---------------+----------+-----
Axes           | 4 5 |  5.2
Fighting       | 5 |  5.5
Armour         | 4 5 |  5.0
Shields        | 4 5 |  5.0

Action                   || total
-------------------------++-------
Melee: War axe           ||    46
Armor: Scale mail        ||    13
Dodge: Dodged            ||    11
Block: Shield            ||    22
